Unix NetHack Version 3.7.0-82 Work-in-progress - last build Apr 17 2023 13:15:57 (e853d47aa369caa3f400cfc56ad4c4ae4a18b75a,branch:master). Game began 2023-04-19 16:02:11, ended 2023-04-20 16:20:25. Zega, lawful male dwarven Caveman --------- |.......| ----- |.......| ----- ...| |..._...| |..4 5 5 ---------..-- --- |.......| --..--------- 5 |.......|...-- -.... | |.......| | .-- --%4.|.....A.| |.......|....---.%.... |. ----)---- .| ...---5%51|.......| |..._..)-.....-... ... |......%%.%...| @ ......@.@%.A.@%.&@@...|1 |.......|....---..%%.. ---....%....--- ........---....|.....@.| |.......|...-- --..$.. -----%----- ....... --.$.|.....A.| ---------..-- ----)-- ..%%. ---.-- --.5---------54 ...| ._.------- ..... ------...| |.... ----- .........| ..... |.........| ------ ........- ..... --...---- ...)....- ...) --... .........----.----... ..%.........0..%... ----------------- Zega the Wayfarer St:18/71 Dx:21 Co:20 In:16 Wi:16 Ch:16 Lawful S:998726 Astral Plane $:0 HP:208(208) Pw:17(17) AC:-47 Xp:16/335025 T:41189 Latest messages: The renegade Angel of Anu hits Kevin the invisible Slayer. The renegade Angel of Anu swings her long sword at Kevin the invisible Slayer. The renegade Angel of Anu misses Kevin the invisible Slayer. The renegade Angel of Anu misses Kevin the invisible Slayer. The renegade Angel of Ishtar swings her long sword at the priest of Anu. The renegade Angel of Ishtar hits the priest of Anu. The renegade Angel of Ishtar swings her long sword at the priest of Anu. The renegade Angel of Ishtar hits the priest of Anu. The renegade Angel of Ishtar hits the priest of Anu. You hear a chugging sound. The renegade Angel of Ishtar swings her long sword at the priest of Anu. The renegade Angel of Ishtar hits the priest of Anu. The renegade Angel of Ishtar swings her long sword at the priest of Anu. The renegade Angel of Ishtar hits the priest of Anu. The renegade Angel of Ishtar hits the priest of Anu. The priest of Anu wields a corroded mace! The Angel of Anu swings her long sword at it. The Angel of Anu hits it. The Angel of Anu swings her long sword at it. The Angel of Anu hits it. The renegade Angel of Anu puts on a burnt robe. The Angel of Anshar swings her long sword at the Olog-hai. The Angel of Anshar hits the Olog-hai. The Angel of Anshar swings her long sword at the Olog-hai. The Angel of Anshar hits the Olog-hai. The Angel of Anshar hits the Olog-hai. The Olog-hai is killed! You hear a chugging sound. The renegade Angel of Anu zaps you with a magic missile! The magic missile hits the vampire bat! The magic missile hits the invisible Death! The magic missile whizzes by you! The magic missile hits the high priestess of Anu! "Thy head is unfit for a mind flayer to munch upon!" Kevin the invisible Slayer picks up a cursed mace. What do you want to sacrifice? [W or ?*] Never mind. There is a high altar to Anu (lawful) here. What do you want to sacrifice? [W or ?*] W You offer the Amulet of Yendor to Anu... An invisible choir sings, and you are bathed in radiance... The voice of Anu booms out: "Mortal, thou hast done well!" "In return for thy service, I grant thee the gift of Immortality!" You ascend to the status of Demigod... Do you want your possessions identified? [ynq] (y) y Do you want to see your attributes? [ynq] (y) y Do you want an account of creatures vanquished? [ynaq] (y) y Do you want a list of species genocided? [ynq] (y) y Do you want to see your conduct and achievements? [ynq] (y) y Do you want to see the dungeon overview? [ynq] (y) y Inventory: Amulets T - an uncursed amulet of life saving (being worn) F - an uncursed amulet of magical breathing Weapons w - the blessed rustproof +5 Sceptre of Might (weapon in hand) Armor A - an uncursed rustproof +4 orcish helm (being worn) Y - a blessed fireproof +4 pair of gauntlets of dexterity (being worn) P - a blessed fireproof +4 pair of speed boots (being worn) H - a blessed +5 shield of reflection (being worn) J - a blessed fireproof +5 oilskin cloak (being worn) d - an uncursed +4 Hawaiian shirt with a jellyfish motif (being worn) x - a blessed +4 gray dragon scale mail (being worn) Comestibles V - an uncursed lizard corpse Scrolls u - a blessed scroll of blank paper Rings L - an uncursed ring of levitation K - an uncursed +3 ring of protection (on right hand) p - an uncursed ring of regeneration (on left hand) O - a blessed ring of see invisible f - an uncursed ring of shock resistance Z - an uncursed ring of teleport control Wands y - a wand of cancellation (1:12) R - a wand of cold (0:7) I - a wand of cold (0:0) N - a wand of create monster (0:11) B - a wand of death (0:0) E - a wand of death (1:0) j - a wand of digging (0:7) v - a wand of digging (0:7) C - a wand of digging (0:7) S - a wand of digging (0:5) k - a wand of digging (0:3) t - a wand of digging (0:0) g - a wand of fire (0:2) G - a wand of light (0:10) o - a wand of secret door detection (0:7) h - a wand of speed monster (0:4) D - a wand of striking (0:0) c - a wand of teleportation (0:0) Tools i - a blessed bag of holding containing 58 items n - an uncursed tooled horn Q - the Bell of Opening (0:1) b - an uncursed blindfold l - a blessed crystal ball (0:0) M - a magic marker (0:7) X - a blessed oil lamp q - an uncursed skeleton key s - an uncursed stethoscope z - a blessed +0 unicorn horn named pois/cold/sleep/fire Gems/Stones e - a blessed luckstone Contents of the bag of holding: an uncursed amulet of guarding an uncursed amulet of life saving a blessed +6 elven spear an uncursed +0 pair of levitation boots a cursed +2 cloak of magic resistance an uncursed +0 cloak of protection 3 uncursed kebabs 14 uncursed food rations 2 uncursed lembas wafers an uncursed pear 2 uncursed tins of leprechaun meat an uncursed tin of water nymph meat 5 uncursed lizard corpses a blessed scroll of blank paper a blessed scroll of blank paper 2 blessed scrolls of blank paper 4 blessed scrolls of blank paper an uncursed scroll of blank paper an uncursed scroll of blank paper 5 uncursed scrolls of blank paper an uncursed scroll of blank paper 2 uncursed scrolls of blank paper a cursed scroll of blank paper a cursed scroll of blank paper a potion of holy water 3 uncursed potions of water an uncursed potion of water an uncursed potion of water an uncursed ring of conflict an uncursed ring of conflict an uncursed ring of free action an uncursed ring of regeneration a blessed ring of slow digestion a wand of death (0:6) a wand of digging (0:5) a wand of digging (0:5) a wand of digging (0:4) a wand of digging (0:4) a wand of digging (0:4) a wand of digging (0:4) a wand of digging (0:4) a wand of digging (0:4) a wand of digging (0:2) a wand of digging (0:0) a wand of enlightenment (0:5) a wand of lightning (0:6) a wand of magic missile (0:5) a wand of magic missile (0:3) a wand of make invisible (0:3) a wand of polymorph (0:0) a wand of probing (2:8) a wand of sleep (0:6) a wand of slow monster (0:1) a wand of speed monster (0:4) a wand of speed monster (0:1) a blessed wand of teleportation (0:4) an uncursed jade stone 2 uncursed opals Zega the Caveman's attributes: Background: You were a Wayfarer, a level 16 dwarven Caveman. You were lawful, on a mission for Anu who was opposed by Ishtar (neutral) and Anshar (chaotic). You were in the endgame, on the Astral Plane. You entered the dungeon 41189 turns ago. There was a new moon in effect when your adventure ended. You had 335025 experience points, 304975 more were needed to attain level 17. Your score was 998726 before end-of-game adjustments. Basics: You had all 208 hit points. You had all 17 energy points (spell power). Your armor class was -47. Your wallet was empty. Autopickup was off. Final Characteristics: Your strength was 18/71 (peak:18/72, limit:18/100). Your dexterity was 21 (base:17, peak:18, innate limit:20). Your constitution was 20 (limit:20). Your intelligence was 16 (limit:16). Your wisdom was 16 (limit:16). Your charisma was 16 (limit:16). Final Status: You were not hungry. You were unencumbered. You were wielding a mace. You had expert skill with mace. Final Attributes: You were piously aligned. You were magic-protected. You were fire resistant. You were cold resistant. You were sleep resistant. You were disintegration resistant. You were shock resistant. You were poison resistant. You saw invisible. You were telepathic. You were warned. You had infravision. You were invisible to others. You caused conflict. You regenerated. You had a large defense bonus (+12). You were protected. You were very fast. You had reflection. Your life would have been saved. You were lucky. You had extra luck. Good luck did not time out for you. You survived. Miscellaneous: You disabled loading of bones levels. Total elapsed playing time was 10 hours, 23 minutes and 45 seconds. Major events: Turn 1: Zega the lawful dwarven Caveman entered the dungeon 263: entered the Gnomish Mines 777: attained the rank of Aborigine (level 3) 1506: made his first wish - "blessed greased fixed +2 gray dragon scale mail", got "a greased gray dragon scale mail" 4568: attained the rank of Wanderer (level 6) 11389: acquired the Mines' End luckstone 13210: performed his first genocide (master mind flayers) 13516: entered the Bigroom 13690: entered Sokoban 13818: attained the rank of Vagrant (level 10) 14121: completed 1st Sokoban level 14585: completed 2nd Sokoban level 14912: completed 3rd Sokoban level 15789: completed 4th Sokoban level 16033: acquired the Sokoban bag of holding 22787: killed Medusa 23851: genocided class L 24025: wished for "blessed greased fixed shield of reflection", got "a greased polished silver shield" 25187: wished for "marker", got "a magic marker" 26674: attained the rank of Wayfarer (level 14) 28277: found the Sceptre of Might on the floor 28304: killed the invisible Chromatic Dragon 28307: acquired the Bell of Opening 28986: wished for "blessed magic marker", got "a magic marker" 30399: entered Gehennom 31378: bribed Asmodeus with 29 zorkmids for safe passage 32822: wished for "blessed magic marker", got "a magic marker" 33054: bribed Baalzebub with 37 zorkmids for safe passage 33407: wished for "blessed greased fixed +2 speed boots", got "a greased pair of jungle boots" 33786: killed Orcus 34601: destroyed Vlad the Impaler 34602: acquired the Candelabrum of Invocation 37513: genocided energy vortices 37517: wished for "marker", got "a magic marker" 37826: killed Juiblex 38629: killed the Wizard of Yendor 38633: acquired the Book of the Dead 38654: performed the invocation 38778: killed the high priestess of Moloch 38784: acquired The Amulet of Yendor 39439: killed the Wizard of Yendor (2nd time) 39526: killed the Wizard of Yendor (3rd time) 40786: entered the Elemental Planes 40786: entered Plane of Earth 40787: killed the Wizard of Yendor (5th time) 40818: entered Plane of Air 40878: entered Plane of Fire 40897: entered Plane of Water 41053: entered the Astral Plane 41066: killed Famine 41095: killed Famine (2nd time) 41123: killed Pestilence 41139: killed Pestilence (2nd time) 41189: ascended Vanquished creatures: Orcus Juiblex the Wizard of Yendor (6 times) Pestilence (twice) Famine (twice) Vlad the Impaler a high cleric Medusa 4 krakens 2 iron golems 3 storm giants a glass golem 6 balrogs the Chromatic Dragon 7 purple worms 2 gold dragons 2 silver dragons 5 red dragons 3 white dragons 3 black dragons 2 blue dragons a green dragon 3 yellow dragons 20 minotaurs 4 baluchitheria 3 Angels 3 stone golems 5 Olog-hai 4 Nazgul 3 pit fiends 4 sandestins 3 hell hounds 3 displacer beasts 7 titanotheres 3 trappers a guardian naga 3 genetic engineers 3 disenchanters 24 vampire leaders 5 skeletons 12 aligned clerics 5 captains 5 shades 3 liches 2 clay golems 4 nurses 7 ice devils 2 nalfeshnees 4 lurkers above 3 frost giants an ettin a golden naga 7 black puddings 23 vampires 5 lieutenants a watch captain 32 ghosts a queen bee 2 winged gargoyles 3 mind flayers 7 giant mimics 4 long worms 2 zruties 2 fire giants 10 ogre tyrants 12 ice trolls 12 rock trolls 7 umber hulks 5 flesh golems 4 elven monarchs 3 doppelgangers 9 hezrous 3 bone devils 10 large mimics a fire vortex a couatl 9 stalkers an air elemental 5 fire elementals 7 earth elementals 2 water elementals 17 hill giants 2 giant mummies a black naga 6 xorns 12 giant zombies 8 elf-nobles 11 sergeants 5 barbed devils 8 vrocks a salamander 12 wargs 2 winter wolves 5 hell hound pups 13 small mimics 3 glass piercers 3 warhorses 4 steam vortices 12 xans an ettin mummy 9 ogre leaders 7 quantum mechanics 21 trolls 4 wood golems 2 erinyes 6 mariliths 2 sharks an electric eel 4 gelatinous cubes 3 pyrolisks a large dog a freezing sphere 6 flaming spheres 4 shocking spheres 3 large cats 3 tigers 4 gargoyles 4 dwarf rulers 2 ochre jellies 6 leocrottas 7 energy vortices 2 stone giants an elf mummy 5 human mummies 4 red nagas 3 green slimes 5 pythons 2 pit vipers 3 cobras 30 wraiths 5 carnivorous apes 13 ettin zombies 4 leather golems 8 Grey-elves 43 soldiers 4 watchmen 5 amorous demons 3 horned devils 4 chameleons 3 crocodiles 12 giant beetles 2 quivering blobs 49 cockatrices 7 wolves 2 winter wolf cubs 3 lynxes a panther 5 gremlins 4 leprechauns 4 orc-captains an iron piercer 5 mumakil 6 giant spiders 7 scorpions 2 horses 8 black lights 9 vampire bats 10 forest centaurs 2 gnome rulers 3 orc mummies 3 dwarf mummies 10 ogres 3 brown puddings 14 rust monsters 12 owlbears 8 yetis a gold golem a werewolf 9 Green-elves 6 giant eels 19 lizards 3 chickatrices a dingo a housecat 7 jaguars 5 dwarf leaders a blue jelly a white unicorn a black unicorn 5 dust vortices 19 ravens 7 plains centaurs 5 gnome mummies 5 snakes 6 apes 13 human zombies a rope golem a Woodland-elf 12 soldier ants 9 fire ants 74 bugbears 3 imps a lemure 2 quasits 4 wood nymphs 6 water nymphs 2 mountain nymphs 13 Mordor orcs 6 Uruk-hai 3 orc shamans 4 rock piercers 2 rock moles 4 ponies 4 fog clouds 11 yellow lights 4 shriekers 5 violet fungi 8 gnome leaders 5 gnomish wizards 6 kobold mummies 4 gray oozes 2 barrow wights 24 elf zombies 7 ghouls 4 straw golems 4 paper golems a jellyfish 18 giant ants 9 floating eyes 8 dwarves 4 homunculi 6 kobold leaders 3 kobold shamans 13 hill orcs 15 rothes 3 rabid rats 2 centipedes a giant bat 2 monkeys 7 orc zombies 9 dwarf zombies 2 wererats 2 werejackals 14 iguanas 79 killer bees 4 acid blobs 4 coyotes 3 gas spores 5 hobbits 12 manes 4 large kobolds 14 hobgoblins 7 giant rats 5 cave spiders 3 brown molds 3 yellow molds 2 green molds 2 red molds 23 gnomes 15 garter snakes 12 gnome zombies 12 geckos 8 jackals 2 foxes 2 kobolds 6 goblins 9 sewer rats 10 grid bugs 4 bats 3 lichens 8 kobold zombies 12 newts 1705 creatures vanquished. Genocided species: master mind flayers energy vortices liches demiliches master liches arch-liches 6 species genocided. Voluntary challenges: You read items or engraved 162 times. You engraved Elbereth 14 times. You genocided 6 types of monsters. You never changed form. You used 7 wishes. You did not wish for any artifacts. You did not violate any of the special Sokoban rules. Achievements: You entered the Gnomish Mines. You attained the rank of Aborigine. You entered a shop. You entered a temple. You attained the rank of Wanderer. You completed the Gnomish Mines. You entered the Big Room. You entered Sokoban. You attained the rank of Vagrant. You completed Sokoban. You defeated Medusa. You learned the tune to open and close the Castle's drawbridge. You attained the rank of Wayfarer. You had the Bell of Opening. You entered Gehennom. You handled the Candelabrum of Invocation. You handled the Book of the Dead. You gained access to Moloch's Sanctum. You reached the Elemental Planes. You reached the Astral Plane. You delivered the Amulet of Yendor. You ascended! The Elemental Planes: Astral Plane: <- You are here. Many temples. Plane of Water: Plane of Fire: Plane of Air: Plane of Earth: The Dungeons of Doom: levels 1 to 29 Level 1: One way stairs up to The Elemental Planes. Level 2: "v" Some fountains, a grave. Stairs down to The Gnomish Mines. Level 3: A delicatessen. Level 4: A fountain. Level 5: Level 6: A fountain. Level 7: "v" A fountain, a sink. Level 8: A sink. Level 9: Level 10: "v" Stairs up to Sokoban, level 9. Level 11: Many fountains. A very big room. Level 12: A fountain, a sink. Level 13: A fountain. Level 14: "ls" A fountain. Level 15: Portal to The Quest. Level 16: A primitive area. Level 17: Level 18: Level 19: A sink, a grave. Level 20: "crystal ball" Level 21: "zoo" A grave. Level 22: A temple. Level 23: Level 24: Level 25: A sink, a grave. Level 26: Level 27: A temple. Level 28: Many trees. Level 29: A fountain. The castle (play notes "EAGBE" to open or close drawbridge). Connection to Gehennom. Gehennom: levels 30 to 53 Level 30: A temple, many graves. Valley of the Dead. Level 31: Level 32: Level 33: Level 34: "JUBILEX" Level 35: A fountain. Level 36: Level 37: Level 38: Level 39: Level 40: Some shops, an altar, a grave. Level 41: Level 42: Stairs up to Vlad's Tower, level 41. Level 43: "wiz" Level 44: Level 45: Level 46: Level 47: Level 48: Level 49: Level 50: "tower" Level 51: Level 52: Level 53: A temple, many graves. Moloch's Sanctum. The Gnomish Mines: levels 3 to 10 Level 3: Level 4: Level 5: Level 6: Many shops, a temple to Anu, a fountain. Level 7: Level 8: Level 9: Level 10: The Quest: levels 1 to 5 Level 1: A temple to Anu. Completed quest for Shaman Karnov. Level 2: Level 3: Level 4: Level 5: Sokoban: levels 9 up to 6 Level 6: Solved. Level 7: Solved. Level 8: Solved. Level 9: Solved. Vlad's Tower: levels 41 up to 39 Level 39: Level 40: Level 41: Goodbye Zega the Demigod... You went to your reward with 2018702 points, The Sceptre of Might (worth 2500 zorkmids and 6250 points) The Bell of Opening (worth 5000 zorkmids and 12500 points) 2 opals (worth 1600 zorkmids), 1 jade stone (worth 300 zorkmids), 2 amulets of life saving (worth 300 zorkmids), 1 amulet of magical breathing (worth 150 zorkmids), 1 amulet of guarding (worth 150 zorkmids), and 0 pieces of gold, after 41189 moves. You were level 16 with a maximum of 208 hit points when you ascended.